 Dungeon Crawl Stone Soup version 0.30-a0-141-g30f27751c5 (webtiles) character file.

Game seed: 5973598624073033807

879 Belterius the Covered (level 7, -1/64 HPs)
             Began as a Minotaur Fighter on Sept 25, 2022.
             Slain by an orc warrior
             ... wielding a +0 scimitar
              (10 damage)
             ... on level 5 of the Dungeon.
             The game lasted 00:06:56 (4205 turns).

Belterius the Covered (Minotaur Fighter)            Turns: 4205, Time: 00:06:57

Health: -1/64      AC: 16    Str: 22    XL:     7   Next: 75%
Magic:  6/6        EV:  6    Int:  5    God:
Gold:   246        SH:  5    Dex: 10    Spells: 6/6 levels left

rFire   . . .      SeeInvis .    a - +0 war axe
rCold   . . .      Faith    .    c - +0 buckler
rNeg    . . .      Spirit   .    s - +0 plate armour
rPois   .          Reflect  .    (helmet restricted)
rElec   .          Harm     .    B - scarf {shadows}
rCorr   .          Rampage  .    h - +0 pair of gloves
Will    .....                    l - +1 pair of boots
Stlth   ..........               (no amulet)
HPRegen 0.20/turn                (no ring)
MPRegen 0.10/turn                (no ring)

@: mighty
A: horns 2, retaliatory headbutt
a: no special abilities


You were on level 5 of the Dungeon.
You visited 2 branches of the dungeon, and saw 6 of its levels.

You collected 246 gold pieces.

Inventory:

Hand Weapons
 a - a +0 war axe (weapon)
Missiles
 A - 6 boomerangs (quivered)
Armour
 c - a +0 buckler (worn)
 h - a +0 pair of gloves (worn)
 l - a +1 pair of boots (worn)
 s - a +0 plate armour (worn)
 t - a scarf of invisibility
 B - a scarf of shadows (worn)
Jewellery
 z - a ring of see invisible
Wands
 b - a wand of polymorph (6)
 u - a wand of paralysis (9)
 y - a wand of mindburst (7)
Scrolls
 e - a scroll of immolation {unknown}
 f - 5 scrolls of identify {unknown}
 g - 2 scrolls of silence {unknown}
 j - a scroll of magic mapping {unknown}
 n - 2 scrolls of noise {unknown}
 o - a scroll of brand weapon {unknown}
 p - a scroll of torment {unknown}
 r - a scroll of teleportation {unknown}
 v - 2 scrolls of butterflies {unknown}
Potions
 d - a potion of might
 i - a potion of degeneration {unknown}
 k - 2 potions of haste {unknown}
 m - 2 potions of berserk rage {unknown}
 q - a potion of heal wounds {unknown}
 w - a potion of resistance
 x - a potion of flight {unknown}


   Skills:
 + Level 6.4 Fighting
 + Level 5.7 Axes
 + Level 6.4 Armour
 + Level 6.3 Shields


You had 6 spell levels left.
You didn't know any spells.
Your spell library contained the following spells:

 Spells                   Type           Power      Damage    Failure   Level
 Magic Dart               Conj           0%         1d3       100%        1
 Searing Ray              Conj           0%         2d4       100%        2
 Fulminant Prism          Conj/Hex       0%         3d6       100%        4


Dungeon Overview and Level Annotations

Branches:
Dungeon (6/15)             Temple (1/1) D:5

Altars:
Cheibriados
Dithmenos
Elyvilon
Fedhas
Gozag
Hepliaklqana
Kikubaaqudgha
Makhleb
Nemelex Xobeh
Qazlal
Sif Muna
Trog
Vehumet
Wu Jian
Xom
Yredelemnul
Zin
The Shining One


Innate Abilities, Weirdness & Mutations

You have a pair of horns on your head.
You reflexively headbutt those who attack you in melee.


Message History

You barely miss the orc warrior. You hit the orc.
The orc warrior hits you with a +0 scimitar.
You block the orc's attack.
There are monsters nearby!
Unknown command.
You slash the orc!
You kill the orc!
You hit the orc warrior. You block the orc warrior's attack.
There are monsters nearby!
Unknown command.
You closely miss the orc warrior. You headbutt the orc warrior.
The orc warrior is lightly wounded.
You closely miss the orc. The orc hits you with a +3 short sword.
The orc warrior hits you with a +0 scimitar!
The orc warrior hits you with a +0 scimitar.
The orc barely misses you.
There are monsters nearby!
Unknown command.
You are too injured to fight recklessly!
There are monsters nearby!
Unknown command.
You are too injured to fight recklessly!
There are monsters nearby!
Unknown command.
You are too injured to fight recklessly!
There are monsters nearby!
Unknown command.
The orc warrior barely misses you. The orc hits you but does no damage.
The orc warrior hits you with a +0 scimitar!
* * * LOW HITPOINT WARNING * * *
There is a stone staircase leading up here.
You block the orc's attack.
The orc warrior hits you with a +0 scimitar.
* * * LOW HITPOINT WARNING * * *
You climb upwards.
There is a stone staircase leading down, spattered with blood here.
You feel very mighty all of a sudden.
The orc warrior hits you with a +0 scimitar!
You die...

####.# #.# #.# ##.##.# #.#
#.###### ##.#.#.# #.#
#......# #.###..# #.#
######.# ##.#.###
##.########.# ##.##
#.........#.# #..#
#.......(....
##.#######.#.#####.#..
#...o@o....#.# #.#..
#..#########.# #.#.. #.[#
#.# ###.#.. #..#
#####.###...... #..#
#...........##. #####.)#
#.###.###......
#...#..#####.###..........
#.#..........#.......#)###
#...########.#.####..#[#


You could see an orc warrior and an orc.

Vanquished Creatures
  An ice beast (D:5)
  2 sky beasts
  A phantom (D:5)
  A necrophage (D:4)
  A howler monkey (D:5)
  2 hounds (D:5)
  2 orc priests
  A jelly (D:4)
  2 iguanas
  2 orc wizards
  7 adders
  A shadow imp (D:5)
  An ufetubus (D:4)
  A worm (D:4)
  3 dart slugs
  12 orcs
  6 endoplasms
  2 giant cockroaches
  3 goblins
  5 hobgoblins
  14 jackals
  6 kobolds
  7 quokkas
  9 ball pythons
  3 bats
  A frilled lizard (D:1)
  7 rats
  A spectral orc (D:4)
104 creatures vanquished.

Vanquished Creatures (others)
  2 demonic plants (D:1)
  A plant (D:5)
  3 withered plants (D:1)
6 creatures vanquished.

Grand Total: 110 creatures vanquished

Notes
Turn   | Place    | Note
-------+----------+-------------------------------------------
     0 | D:1      | Belterius the Minotaur Fighter began the quest for the Orb.
     0 | D:1      | Reached XP level 1. HP: 19/19 MP: 0/0
   154 | D:1      | Reached XP level 2. HP: 23/27 MP: 1/1
   503 | D:1      | Reached XP level 3. HP: 33/33 MP: 2/2
   510 | D:1      | Found a faded altar of an unknown god.
   979 | D:2      | Found a shadowy altar of Dithmenos.
  1074 | D:2      | Reached XP level 4. HP: 36/41 MP: 3/3
  1433 | D:2      | You fall into a shaft and drop 2 floors!
  1443 | D:4      | Reached XP level 5. HP: 38/47 MP: 4/4
  1517 | D:4      | Identified the +10 short sword of Gluttony {drain, Str+8
                  | Int-2 Dex-5}
  1609 | D:4      | Reached skill level 5 in Fighting
  1676 | D:4      | Reached skill level 5 in Shields
  1681 | D:4      | Reached skill level 5 in Armour
  2006 | D:4      | Reached XP level 6. HP: 56/56 MP: 5/5
  2372 | D:4      | Found a blossoming altar of Fedhas.
  2453 | D:4      | Found a basalt altar of Yredelemnul.
  2572 | D:5      | Entered Level 5 of the Dungeon
  2848 | D:5      | Noticed a sky beast
  3030 | D:5      | Reached skill level 5 in Axes
  3030 | D:5      | Reached XP level 7. HP: 21/62 MP: 6/6
  3488 | D:5      | Found a staircase to the Ecumenical Temple.
  3497 | Temple   | Entered the Ecumenical Temple
  3865 | D:5      | Found a glowing golden altar of the Shining One.
  3876 | D:5      | Found a stormy altar of Qazlal.
  3876 | D:5      | Found a shimmering altar of Xom.
  4205 | D:5      | Slain by an orc warrior

Illustrated notes

Levels and vault maps discovered:
D:1:      dpeg_arrival_connections, layout_basic, shapermc_ecumenical_altar_gd
D:2:      layout_loops_cross, basic_altar, minmay_tetromino_s2
D:4:      layout_loops_ring, general_overflow_altar,
          yredelemnul_forgotten_temple_becter
D:5:      layout_loops_ring, gammafunk_temple_overflow_forgotten,
          minmay_temple_entry_fiery
D:6:      cheibrodos_steamvent, layout_rooms
Temple:   hellmonk_temple_forest_ring

Skill      XL: |  1  2  3  4  5  6  7 |
---------------+----------------------+-----
Fighting       | 4 5 6 |  6.4
Armour         | 4 5 6 |  6.4
Shields        | 4 5 6 |  6.3
Axes           | 3 4 5 |  5.7

Action                   |  1- 3 |  4- 6 |  7- 9 || total
-------------------------+-------+-------+-------++-------
Melee: War axe           |    80 |   142 |    44 ||   266
       Headbutt          |     9 |    23 |    12 ||    44
       Unarmed           |       |     5 |       ||     5
  Use: Potion            |       |       |     1 ||     1
Armor: Scale mail        |    42 |     1 |       ||    43
       Plate armour      |       |   111 |    22 ||   133
Dodge: Dodged            |    42 |    43 |     6 ||    91
Block: Buckler           |    17 |    36 |    16 ||    69

Table legend: (Time is in decaauts)
 A = Elapsed time spent in this place.
 B = Non-inter-level travel time spent in this place.
 C = Inter-level travel time spent in this place.
 D = Time resting spent in this place.
 E = Time spent auto-exploring this place.
 F = Levels seen in this place.
 G = Mean time per level.
                   A        B        C        D        E       F      G
               +--------+--------+--------+--------+--------+-----+--------+
         Total |   4295 |   4169 |    126 |    440 |   2989 |   6 |  715.8 |
       Dungeon |   4123 |   3997 |    126 |    440 |   2836 |   5 |  824.6 |
        Temple |    171 |    171 |      0 |      0 |    153 |   1 |  171.0 |
               +--------+--------+--------+--------+--------+-----+--------+

Top non-repeatable levels by time:
     D:5: 1333 daAuts
     D:4: 1288 daAuts
     D:1: 983 daAuts
     D:2: 487 daAuts
  Temple: 171 daAuts
     D:6: 30 daAuts
